 Dungeon Crawl Stone Soup version 0.30.0 (webtiles) character file.

Game seed: 17820340592335303561

336 dialectric the Covered (level 6, 0/47 HPs)
             Began as a Demonspawn Wanderer on May 5, 2023.
             Was an Initiate of Trog.
             Slain by Duvessa
             ... wielding a +0 short sword
              (6 damage)
             ... on level 4 of the Dungeon.
             The game lasted 00:04:23 (2457 turns).

dialectric the Covered (Demonspawn Wanderer)        Turns: 2457, Time: 00:04:24

Health: 0/47       AC: 11    Str: 14    XL:     6   Next: 28%
Magic:  6/6        EV:  7    Int: 11    God:    Trog [......]
Gold:   189        SH:  0    Dex: 18    Spells: 5/5 levels left

rFire   + . .        r - +5 quarterstaff of Ignis {heavy, rElec rF+ Dex+3}
rCold   + . .        (shield currently unavailable)
rNeg    . . .        b - +0 chain mail
rPois   .            (helmet restricted)
rElec   +            t - +0 cloak
rCorr   .            (no gloves)
SInv    .            (no boots)
Will    .....        a - amulet of regeneration Stlth
                     n - ring of protection from cold
HPRegen 1.07/turn    (no ring)
MPRegen 0.10/turn

%: no passive effects
@: brilliant
A: antennae 1, weakness stinger 1
a: Renounce Religion


You were on level 4 of the Dungeon.
You worshipped Trog.
Trog was noncommittal.
You visited 1 branch of the dungeon, and saw 4 of its levels.

You collected 189 gold pieces.

Inventory:

Hand Weapons
 j - a +0 long sword
 p - a +1 dagger of venom
 r - the +5 quarterstaff of Ignis (weapon) {heavy, rElec rF+ Dex+3}
   (You took it off a hobgoblin on level 2 of the Dungeon)

   Dex:       It affects your dexterity (+3).
   rF:        It protects you from fire.
   rElec:     It insulates you from electricity.
Armour
 b - a +0 chain mail (worn)
 t - a +0 cloak (worn)
Jewellery
 a - an amulet of regeneration (around neck)
 n - a ring of protection from cold (left hand)
 s - a ring of wizardry
 v - a ring of willpower
Scrolls
 d - a scroll of fear
 e - 2 scrolls of identify {unknown}
 f - a scroll of immolation {unknown}
 g - a scroll of enchant weapon {unknown}
 k - 2 scrolls of teleportation {unknown}
 m - 3 scrolls of enchant armour {unknown}
 q - a scroll of brand weapon {unknown}
 u - 5 scrolls of magic mapping {unknown}
Potions
 c - 2 potions of lignification
 h - a potion of mutation {unknown}
 i - a potion of curing
 l - 2 potions of brilliance
 o - a potion of ambrosia {unknown}


   Skills:
 * Level 3.3 Fighting
 - Level 0.4(0.6) Short Blades
 - Level 0.6(0.7) Long Blades
 - Level 1.0(2.0) Polearms
 * Level 2.9(3.0) Staves
 - Level 1.0 Throwing
 + Level 5.7 Armour
 * Level 1.5 Dodging
 - Level 1.0 Evocations


You had 5 spell levels left.
You didn't know any spells.
Your spell library was empty.

Dungeon Overview and Level Annotations

Branches:
Dungeon (4/15)
 Temple: D:4-7

Altars:
Ashenzari
Trog
Wu Jian

Annotations:
D:4 Duvessa


Innate Abilities, Weirdness & Mutations

You have a pair of small antennae on your head.
You have a small tail.


Message History

Trog accepts your kill.
Trog appreciates your killing of a magic user.
You hear a distant scream of rage.
Duvessa, Sister of Dowan comes into view.
She is wielding a +0 short sword and carrying a wand of flame (14).
Hit: r) +5 quarterstaff of Ignis {heavy, rElec rF+ Dex+3}
Press: ? - help, Dir - move target, f - you
Okay, then.
Unknown command.
Duvessa shouts!
Duvessa goes berserk!
You hear a shout! x3
Things that are here:
a +2 dagger of speed; a +0 robe You sock Duvessa!
You tail-slap Duvessa.
Duvessa is moderately wounded.
You hear a shout!
Duvessa hits you but does no damage. x2; Duvessa barely misses you.
You hit Duvessa.
Duvessa is moderately wounded.
Duvessa barely misses you. Duvessa hits you but does no damage.
You sock Duvessa!
Duvessa is severely wounded.
Duvessa hits you but does no damage.
Duvessa hits you with a +0 short sword! x2
You hit Duvessa.
You tail-slap Duvessa, but do no damage.
Duvessa is severely wounded.
Duvessa hits you with a +0 short sword! x2
* * * LOW HITPOINT WARNING * * *
Duvessa hits you with a +0 short sword!
* * * LOW HITPOINT WARNING * * *
It was a potion of brilliance.
You feel clever all of a sudden. Duvessa hits you with a +0 short sword.
* * * LOW HITPOINT WARNING * * *
Unknown command.
It was a potion of curing.
You feel better. Duvessa hits you with a +0 short sword.
* * * LOW HITPOINT WARNING * * *
Duvessa hits you with a +0 short sword.
You die...

#.# #.# #.#
#.# #.#
#.#########
####.........#
#.............
#@##########..
#..e.# #.####
#


You could see Duvessa (berserk).

Vanquished Creatures
  An ogre (D:4)
  Dowan (D:4)
  A jelly (D:4)
  Terence (D:2)
  Natasha (D:3)
  3 adders
  2 worms
  3 orcs (D:3)
  9 ball pythons
  9 endoplasms
  A giant cockroach (D:3)
  5 goblins
  7 hobgoblins
  11 jackals
  9 kobolds
  4 quokkas
  6 bats
  3 frilled lizards
  9 rats
86 creatures vanquished.

Notes
Turn   | Place    | Note
-------+----------+-------------------------------------------
     0 | D:1      | dialectric the Demonspawn Wanderer began the quest for the
                  | Orb.
     0 | D:1      | dialectric set off with the following items: a +0 spear, a
                  | +0 chain mail, a potion of lignification, a scroll of fear.
     0 | D:1      | Reached XP level 1. HP: 16/16 MP: 1/1
   116 | D:1      | Discovered your monstrous ancestry.
   116 | D:1      | Gained mutation: You have a small tail. [demonic ancestry]
   116 | D:1      | Reached XP level 2. HP: 12/22 MP: 2/2
   202 | D:1      | Reached skill level 5 in Armour
   464 | D:1      | Gained mutation: You have a pair of small antennae on your
                  | head. [demonic ancestry]
   464 | D:1      | Reached XP level 3. HP: 21/27 MP: 3/3
   741 | D:2      | Noticed Terence
   748 | D:2      | Killed Terence
   877 | D:2      | Reached XP level 4. HP: 15/34 MP: 4/4
  1197 | D:2      | Found an ornate altar of the Wu Jian Council.
  1332 | D:2      | Identified the +5 quarterstaff of Ignis {heavy, rElec rF+
                  | Dex+3}
  1464 | D:2      | Reached skill level 1 in Dodging
  1852 | D:3      | Found a broken altar of Ashenzari.
  2006 | D:3      | Reached XP level 5. HP: 40/40 MP: 5/5
  2151 | D:3      | Found a bloodstained altar of Trog.
  2171 | D:3      | Became a worshipper of Trog the Wrathful
  2224 | D:3      | Reached skill level 1 in Staves
  2268 | D:3      | Noticed Natasha
  2272 | D:3      | Killed Natasha
  2385 | D:4      | Noticed an ogre
  2389 | D:4      | Killed an ogre
  2441 | D:4      | Reached XP level 6. HP: 45/47 MP: 6/6
  2446 | D:4      | Noticed Dowan
  2450 | D:4      | Killed Dowan
  2450 | D:4      | Noticed Duvessa
  2456 | D:4      | HP: 1/47 [Duvessa/+0 short sword (5)]
  2457 | D:4      | Slain by Duvessa

Illustrated notes

Levels and vault maps discovered:
D:1:      dpeg_arrival_connections, layout_rooms
D:2:      layout_basic, basic_altar, amethyst_killhole, minmay_joined_circles,
          uniq_crazy_yiuf_cottage, uniq_terence
D:3:      layout_loops_ring, trog_butcher_becter, mainiacjoe_overflow_catwalk,
          uniq_natasha
D:4:      layout_loops_ring, doesnt_xom_only_xom,
          minmay_temple_entry_statues_pillars, uniq_grinder, uniq_duvessa

Skill      XL: |  1  2  3  4  5 |
---------------+----------------+-----
Armour         | 5 |  5.7
Dodging        | 1 |  1.5
Staves         | 2 |  2.9
Fighting       | 3 |  3.3
Short Blades   | |  0.4
Long Blades    | |  0.6
Polearms       | |  1.0
Throwing       | |  1.0
Evocations     | |  1.0

Action                     |  1- 3 |  4- 6 || total
---------------------------+-------+-------++-------
  Melee: Spear             |    72 |       ||    72
         Punch             |     3 |       ||     3
         Long sword        |    15 |       ||    15
         Tailslap          |     8 |    18 ||    26
         Dagger            |    23 |    51 ||    74
         Quarterstaff      |       |    88 ||    88
    Use: Potion            |       |     2 ||     2
 Armour: Chain mail        |    56 |   108 ||   164
  Dodge: Dodged            |    38 |    71 ||   109
